[Event "Super United Croatia GCT Blitz 2022"]
[Site "Zagreb"]
[Date "2022.07.23"]
[Round "8"]
[White "Vachier-Lagrave, Maxime"]
[Black "So, Wesley"]
[Result "1/2-1/2"]
[ECO "E05"]
[WhiteElo "2760"]
[BlackElo "2773"]
[Annotator "TA"]
[PlyCount "132"]
[EventDate "2022.07.20"]
[EventType "tourn"]
[EventCountry "CRO"]
[SourceTitle "playchess.com"]
[Source "ChessBase"]
[SourceQuality "1"]
[TimeControl "300+2"]

1. c4 Nf6 2. Nf3 e6 3. g3 d5 4. Bg2 Be7 5. O-O O-O 6. d4 dxc4 7. Qc2 a6 8. a4 Bd7 9. Qxc4 Bc6 10. Bf4 Bd6 11. Bg5 Nbd7 12. Nc3 h6 {[%emt 0:00:02] E05: Open Catalan: 5 Nf3 Be7.} 13. Bxf6 Nxf6 14. e3 a5 15. Ne1 Bxg2 16. Kxg2 c6 17. Nf3 Qe7 18. Rfd1 Rfd8 19. Rac1 {[%emt 0:00:03] [#]} Rac8 $146 ({Predecessor:} 19... Bb4 20. Qe2 Rac8 21. Rc2 Nd7 22. Na2 Bd6 23. h4 Qe8 {½-½ (42) Mannermaa,J (2454)-Kharlamov,V (2496) ICCF email 2017}) 20. Qb3 Bb4 21. Ne5 c5 22. Nb5 cxd4 23. Rxc8 Rxc8 24. Rxd4 Rd8 (24... Bc5 $5 25. Qc2 b6 $11) 25. Qc4 Rxd4 26. Qxd4 Bc5 27. Qd3 b6 28. e4 g5 29. f3 Kg7 30. Nc4 g4 31. fxg4 Nxg4 32. e5 {[%emt 0:00:09] [#]} (32. h3 $11 {remains equal.} Nf2 33. Qc3+ Qf6 34. Qxf6+ Kxf6 35. e5+ Kg6 36. h4) 32... Qb7+ (32... Qg5 $1 $17 {[%cal Rg5c1] White must now prevent ...Qc1.} 33. Qe4 Nf2) 33. Qf3 $15 Qxf3+ (33... Qd5 {seems wilder.} 34. b3 Qxf3+ 35. Kxf3 Nxh2+ 36. Kf4 h5) 34. Kxf3 Nxh2+ $11 {[%emt 0:00:02][%mdl 4096] Endgame KBN-KNN} 35. Kf4 h5 36. Kg5 (36. Nbd6 $11) 36... Nf1 $15 37. Kxh5 Nxg3+ 38. Kg4 Ne2 (38... Nf5 $17) 39. Na7 Nc1 $1 40. Nc8 Nd3 41. Kf3 $1 Kg6 (41... Bg1 $5 ) 42. Ke4 Nf2+ 43. Kf4 Bd4 44. b3 Bc5 45. N8xb6 Nd3+ 46. Ke4 Nc1 47. Nd7 Bb4 48. Nb8 Nxb3 49. Nc6 Nc5+ 50. Kf4 Nxa4 51. N6xa5 Nc5 (51... Nc3 $15) 52. Nc6 $11 Bc3 53. Nd6 Bb2 54. Ne7+ Kg7 {[%emt 0:00:01] [#] And now ...Nd3+ would win.} 55. Nc6 Bc1+ 56. Kg4 Nd7 57. Nc4 Nc5 58. Nd6 Be3 59. Nc4 Bg1 60. Nd6 Bh2 ({Black should play} 60... Nd7 $15) 61. Nd8 {[%emt 0:00:13] The position is equal.} Bxe5 62. N6xf7 Bf6 63. Nxe6+ Nxe6 64. Nd6 Be7 65. Nf5+ Kf6 66. Nxe7 Kxe7 {Weighted Error Value: White=0.12 (very precise) /Black=0.10 (very precise)} 1/2-1/2

[Event "Super United Croatia GCT Blitz 2022"]
[Site "Zagreb"]
[Date "2022.07.23"]
[Round "8"]
[White "Mamedyarov, Shakhriyar"]
[Black "Van Foreest, Jorden"]
[Result "1/2-1/2"]
[ECO "D94"]
[WhiteElo "2759"]
[BlackElo "2678"]
[Annotator "TA"]
[PlyCount "90"]
[EventDate "2022.07.20"]
[EventType "tourn"]
[EventCountry "CRO"]
[SourceTitle "playchess.com"]
[Source "ChessBase"]
[SourceQuality "1"]
[TimeControl "300+2"]

1. d4 Nf6 2. c4 g6 3. Nc3 d5 4. Nf3 Bg7 5. e3 O-O 6. cxd5 Nxd5 7. Bc4 Nxc3 8. bxc3 c5 9. O-O Qc7 $1 {[%emt 0:00:04] The main line 9...Qc7 scores better than 9...Nc6.} 10. Qe2 Bg4 11. Rb1 {[%emt 0:00:29] D94: Grünfeld: 4 Nf3 Bg7 5 e3.} Nd7 12. Ba3 {[%emt 0:00:32] [#]} Rac8 $146 {[%emt 0:00:15] Threatens to win with ...cxd4.} ({Predecessor:} 12... e5 13. h3 Qa5 14. hxg4 Qxa3 15. Rxb7 Nb6 16. Ng5 Qxc3 17. Bxf7+ Kh8 18. Ne6 exd4 19. exd4 cxd4 20. Bxg6 hxg6 21. Rxg7 {1-0 (34) Sivuk,V (2482)-Janczarski,M (2328) Krakow 2013}) 13. Bb5 Nf6 14. h3 ({Of course not} 14. dxc5 Ne4 15. Rbc1 Rcd8 $17) 14... Bf5 15. Bd3 Bxd3 16. Qxd3 Rfd8 17. Qb5 b6 18. Rbc1 (18. Rfd1 {looks sharper.} Ne4 19. Rbc1 e6 20. Nd2) 18... Qd7 (18... Ne4 {seems wilder.} 19. Rfd1 Qd7 20. c4 cxd4 21. Nxd4 Qc7) 19. Qxd7 Rxd7 20. Rfd1 Ne4 21. Nd2 Nxd2 22. Rxd2 cxd4 (22... e5 $15) 23. cxd4 $11 {[%emt 0:00:02] The position is equal.} Rxc1+ 24. Bxc1 $15 {[%emt 0:00:01][%mdl 4096] Endgame KRB-KRB} Rc7 25. Bb2 e6 26. Kf1 Bf8 27. d5 exd5 28. Rxd5 f5 29. Rd8 Kf7 30. Ra8 Bg7 31. Bxg7 Kxg7 $11 {[%emt 0:00:01] KR-KR} 32. g4 Kf6 33. Kg2 fxg4 34. hxg4 Rc4 35. Rxa7 Rxg4+ 36. Kh3 h5 37. a4 Rb4 38. Ra6 Kg7 39. a5 bxa5 40. Rxa5 Kh6 41. Ra1 Rb6 42. Ra2 Rb5 43. Ra1 Rb6 44. Ra2 Rb5 45. Ra1 Rb6 {[%emt 0:00:01] Weighted Error Value: White=0.03 (flawless) /Black=0.03 (flawless)} 1/2-1/2

[Event "Super United Croatia GCT Blitz 2022"]
[Site "Zagreb"]
[Date "2022.07.23"]
[Round "8"]
[White "Saric, Ivan"]
[Black "Dominguez Perez, Leinier"]
[Result "0-1"]
[ECO "C42"]
[WhiteElo "2680"]
[BlackElo "2754"]
[Annotator "TA"]
[PlyCount "112"]
[EventDate "2022.07.20"]
[EventType "tourn"]
[EventCountry "CRO"]
[SourceTitle "playchess.com"]
[Source "ChessBase"]
[SourceQuality "1"]
[TimeControl "300+2"]

1. e4 e5 2. Nf3 Nf6 3. Nxe5 d6 4. Nf3 Nxe4 5. Nc3 Nxc3 6. dxc3 Be7 7. Be3 O-O 8. Qd2 {[%emt 0:00:01] C42: Petroff Defence: 3 Nxe5 and unusual White 3rd moves.} Nd7 9. O-O-O Nf6 10. Bd3 {[%emt 0:00:08] White has an edge.} Re8 11. Kb1 d5 12. h4 c5 {[%emt 0:00:08][%cal Bc7c5,Bc5c4][%mdl 32] [#]} 13. c4 $146 ({Predecessor:} 13. h5 h6 14. Bxh6 gxh6 15. Qxh6 Bf8 16. Qg5+ Kh8 17. Ne5 Rxe5 18. Qxe5 Qd6 19. Qg5 {0-1 (64) Janaszak,D (2334)-Paravyan,D (2617) Chess.com INT 2022}) 13... b5 14. cxd5 c4 15. d6 Bf8 16. Be2 Bb7 17. Ng5 h6 18. Bf3 Qd7 19. Bxb7 Qxb7 20. Bd4 Rad8 $1 (20... hxg5 21. hxg5 Nh7 22. Rh5 $16) 21. Bxf6 gxf6 22. Nf3 Rxd6 23. Qf4 Rxd1+ 24. Rxd1 Qe4 25. Qxf6 Bg7 26. Qd6 Qf5 27. Qd7 Re6 (27... Qxd7 $14 28. Rxd7 Re2) 28. a3 $1 $16 a6 29. Nd4 Bxd4 30. Qxd4 {[%emt 0:00:06][%mdl 4096] Endgame KQR-KQR} (30. Rxd4 $6 Kg7 $11) 30... Re2 (30... Kh7 $16 {was worth a try.}) 31. Rd2 Re1+ 32. Ka2 Re4 33. Qd8+ Kg7 34. f3 $36 {[%emt 0:00:04][%mdl 2048] Black is under strong pressure.} Re1 35. Qd4+ Kh7 36. g4 Qxf3 (36... Qe6 $16 37. Rd1 Rxd1 38. Qxd1 f5) 37. Rf2 $18 Qb7 (37... Rd1 {was necessary.}) 38. g5 {[%emt 0:00:04] Hoping for Rf6.} Qe7 (38... Re6 $142 39. gxh6 Rxh6) 39. gxh6 Re5 40. Qg4 f6 $2 (40... f5 41. Qf4 (41. Rxf5 Qd7 $16) 41... Qf6) 41. Qf4 Re6 $2 (41... b4 42. Qxc4 Qe6 43. Qxe6 Rxe6 44. axb4 Kxh6) 42. c3 (42. Rg2 $142 {Intending Qf5+ and mate.} Re5 43. Rg7+ Qxg7 44. hxg7 Kxg7 45. Qd4) 42... Qf7 (42... Kh8 $142 43. Rg2 Qf8) 43. Qf5+ Kxh6 44. Rg2 {[%emt 0:00:02][%cal Oh4h5] Strongly threatening h5!} Re5 45. Qf4+ (45. Qc8 $18 {Threatening mate with Qh8+.} Kh7 46. Qxa6) 45... Kh7 $16 46. Qg4 (46. Rf2 $142 {Black must now prevent Qxe5.} Kg7 47. Qg3+ Qg6 48. Qh3) 46... a5 47. Qf4 ({Better is} 47. Qf3 $16) 47... b4 $1 $11 {[%emt 0:00:00] aiming for ...b3+.} 48. cxb4 ({But not} 48. axb4 axb4 49. Qg3 (49. cxb4 $2 Qa7+ 50. Kb1 Re1+ 51. Kc2 Qa4+ 52. Kc3 Qb3+ 53. Kd4 Qd3+ 54. Kc5 Re5+ 55. Qxe5 fxe5 $19) 49... b3+ 50. Kb1 Ra5 $17) (48. Rg1 $1 $11 {remains equal.}) 48... axb4 $17 49. axb4 {[%emt 0:00:03][%mdl 8192] [#] Now White is beyond hope.} (49. Qg3 $17 bxa3 50. bxa3) 49... Qa7+ $1 50. Kb1 Re1+ 51. Kc2 {[%emt 0:00:01] [#]} Qa4+ $1 52. Kc3 Qb3+ 53. Kd4 Qd3+ 54. Kc5 Re5+ 55. Kc6 Qd5+ 56. Kc7 Re7+ {[%emt 0:00:04] Weighted Error Value: White=0.61/Black=0.21 (precise)} 0-1

[Event "Super United Croatia GCT Blitz 2022"]
[Site "Zagreb"]
[Date "2022.07.23"]
[Round "9"]
[White "Carlsen, Magnus"]
[Black "Saric, Ivan"]
[Result "1-0"]
[ECO "D78"]
[WhiteElo "2864"]
[BlackElo "2680"]
[Annotator "TA"]
[PlyCount "51"]
[EventDate "2022.07.20"]
[EventType "tourn"]
[EventCountry "CRO"]
[SourceTitle "playchess.com"]
[Source "ChessBase"]
[SourceQuality "1"]
[TimeControl "300+2"]

1. d4 Nf6 2. c4 g6 3. Nf3 Bg7 4. g3 c6 5. Bg2 d5 6. O-O dxc4 7. Nc3 O-O 8. e4 b5 9. Qe2 {[%emt 0:00:01] D78: Fianchetto Grünfeld: 6 0-0 c6.} Na6 {[%emt 0:00:55] 9...Bg4 is becoming the main line.} 10. Rd1 {[%emt 0:00:59] [#]} Nb4 $146 ({Predecessor:} 10... Bg4 11. h3 Bxf3 12. Bxf3 Nc7 13. a4 e6 14. Bg5 Qd7 15. axb5 Nxb5 16. Nxb5 cxb5 17. Bxf6 Bxf6 {1-0 (31) Mayrhuber,N (2110)-Sedina,E (2258) Corte 2022}) 11. a4 {[%emt 0:00:13] The position is equal.} Bd7 12. Ne5 a6 13. Bf4 (13. Bg5 $14) 13... Be8 (13... Nh5 $15) 14. d5 Nh5 (14... Qc8 $11 {keeps the balance.}) 15. dxc6 $16 {[%emt 0:00:05] 0x0.001eb81d7dfddp-1022s more active pieces. The black rooks are badly placed.} Nxf4 $2 (15... Qc7 $16 {was called for.}) 16. gxf4 $18 Qc8 {[%emt 0:00:24] [#]} 17. Nd7 (17. axb5 axb5 18. Nd5 (18. Nxb5 Rxa1 19. Rxa1 Bxe5 $15) 18... Nxd5 19. exd5 Rxa1 20. Rxa1 Qb8 $16) (17. Nd5 $1 $18 {[%cal Rd5e7] is the precise move to win.} Nxd5 18. exd5) 17... Nd3 $2 (17... Bxc3 $16 18. axb5 (18. bxc3 Nd3 $14) (18. Nxf8 Kxf8 19. axb5 Nd3 $16) 18... axb5 19. bxc3 (19. Nxf8 Rxa1 20. Rxa1 Bd4 $17) 19... Rxa1 20. Rxa1 Nd3) 18. Nd5 {[%emt 0:00:02] Pair of Knights!} ({Not} 18. Nxf8 Bxc6 19. Nxh7 (19. axb5 axb5 20. Nxh7 Kxh7 $11) 19... Kxh7 $14) (18. axb5 $6 Bxc3 19. Nb6 (19. bxc3 Bxd7 20. cxd7 Qxd7 $11) (19. Nxf8 Bxb2 20. Rxa6 Rxa6 $15) 19... Nxf4 $18) 18... Qd8 19. axb5 $2 ({Only move:} 19. Nxf8 $18 Bxc6 {[#]} 20. Nb4 $1 ) 19... Bxd7 $15 20. cxd7 {[%emt 0:00:02] Strongly threatening e5.} Qxd7 $2 (20... e6 $1 $15 {stays ahead.} 21. Nc3 axb5 22. Rxa8 Qxa8) 21. bxa6 $16 {[%emt 0:00:01] Black must now prevent e5.} ({Of course not} 21. Rxa6 $6 Qxb5 22. Rb6 (22. Nxe7+ Kh8 $11) 22... Qd7 $15) 21... Ra7 (21... Qb5 $16) 22. e5 $18 {[%emt 0:00:19][%cal Ob2b3] And now b3! would win.} Qe6 23. b3 Nc5 $2 (23... g5 {is more resistant.} 24. Qe3 Rxa6) 24. Qe3 Nxb3 $2 (24... Rxa6 25. Qxc5 Rxa1 26. Rxa1 cxb3) 25. Qxa7 Nxa1 26. Rxa1 {[%emt 0:00:01] Weighted Error Value: White=0.64/Black=0.81} 1-0

[Event "Super United Croatia GCT Blitz 2022"]
[Site "Zagreb"]
[Date "2022.07.23"]
[Round "9"]
[White "So, Wesley"]
[Black "Nepomniachtchi, Ian"]
[Result "1/2-1/2"]
[ECO "E32"]
[WhiteElo "2773"]
[BlackElo "2766"]
[Annotator "TA"]
[PlyCount "97"]
[EventDate "2022.07.20"]
[EventType "tourn"]
[EventCountry "CRO"]
[SourceTitle "playchess.com"]
[Source "ChessBase"]
[SourceQuality "1"]
[TimeControl "300+2"]

1. d4 Nf6 2. c4 e6 3. Nc3 Bb4 4. Qc2 O-O 5. e4 d5 6. e5 Ne4 7. Bd3 c5 8. Nf3 {[%emt 0:00:07] E32: Nimzo-Indian: Classical (4 Qc2): 4...0-0.} cxd4 9. Nxd4 Nd7 10. Bf4 {[%emt 0:00:02] The position is equal.} Qh4 11. g3 Qh5 $132 {[%emt 0:00:04][%mdl 2048] Black is not holding back} 12. O-O g5 13. cxd5 Nxc3 (13... Bxc3 $5 14. bxc3 exd5 15. Bxe4 dxe4 $11) 14. dxe6 gxf4 15. exd7 fxg3 16. hxg3 {[%emt 0:00:05] Really sharp!} Bxd7 {[%emt 0:00:03] [#] ...Ba4 is the strong threat.} 17. bxc3 Rac8 $1 18. Bf5 Bxc3 {[%emt 0:00:20] This bishop pair is nice.} 19. Qd1 Qxd1 20. Raxd1 Rc4 ({Don't do} 20... Bxf5 21. Nxf5 Rc7 22. Rd5 $16) 21. Bxd7 Rxd4 22. e6 fxe6 23. Bxe6+ Kg7 24. Kg2 {[%emt 0:00:06] [#]} Re8 $146 ({Predecessor:} 24... b5 25. Rxd4 {½-½ (25) Richardt,M (2171)-Morosi,D (2079) ICCF email 2015}) 25. Rxd4 Bxd4 $11 {[%emt 0:00:02][%mdl 4096] Endgame KRB-KRB} 26. Bc4 Rc8 27. Bb3 b5 28. Rd1 Rd8 29. Re1 Rd7 {[%emt 0:00:12] Prevents Re7+.} 30. Rh1 Bb6 31. f4 Rd2+ 32. Kh3 Rd3 33. Kg4 {[%emt 0:00:10][%cal Oh1h7] And now Rxh7+! would win.} Rc3 34. Rh2 a5 35. Rd2 a4 36. Rd7+ Kf8 37. Bd5 h5+ 38. Kxh5 {[%emt 0:00:23] Strongly threatening g4.} Rxg3 39. f5 {[%emt 0:00:05] Threatens to win with f6.} Rg7 40. Rd6 Bc7 (40... Rh7+ $1 $11 {remains equal.} 41. Kg4 Rg7+ 42. Kh5 Rh7+ 43. Kg5 Rg7+ 44. Kh5) 41. Rf6+ $16 Ke8 {[%emt 0:00:01] [#]} 42. Ra6 {[%emt 0:00:04] White is more active.} (42. Bc6+ $1 $16 Kd8 43. Kh6 (43. Bxb5 Rg2 $16)) 42... Bf4 $14 43. Be4 Kf7 44. Bd5+ Ke8 $1 45. Re6+ Kf8 46. Rf6+ Ke7 47. Re6+ Kf8 48. Rf6+ Ke7 49. Re6+ {Weighted Error Value: White=0.08 (flawless) /Black=0.05 (flawless)} (49. Rg6 $1 $14 Rxg6 50. fxg6) 1/2-1/2

[Event "Super United Croatia GCT Blitz 2022"]
[Site "Zagreb"]
[Date "2022.07.23"]
[Round "9"]
[White "Dominguez Perez, Leinier"]
[Black "Vachier-Lagrave, Maxime"]
[Result "0-1"]
[ECO "B90"]
[WhiteElo "2754"]
[BlackElo "2760"]
[Annotator "TA"]
[PlyCount "72"]
[EventDate "2022.07.20"]
[EventType "tourn"]
[EventCountry "CRO"]
[SourceTitle "playchess.com"]
[Source "ChessBase"]
[SourceQuality "1"]
[TimeControl "300+2"]

1. e4 c5 2. Nf3 d6 3. d4 cxd4 4. Nxd4 Nf6 5. Nc3 a6 6. Be3 e5 7. Nb3 Be6 8. f3 h5 9. Nd5 {[%emt 0:00:02] B90: Sicilian Najdorf: Unusual White 6th moves, 6 Be3 Ng4 and 6 Be3 e5.} Bxd5 10. exd5 Nbd7 11. Qd2 {[%emt 0:00:01] White has an edge.} g6 12. O-O-O Bg7 13. Kb1 Rc8 14. Qb4 Qc7 15. c3 {[%emt 0:00:01] [#]} O-O $146 {[%emt 0:00:08] [#]} (15... Bh6 $11 16. Bxh6 Rxh6) ({Predecessor:} 15... Bh6 16. Bf2 O-O 17. h4 Nc5 18. g4 Bf4 19. g5 Nxb3 20. Bb6 Nd2+ 21. Rxd2 Qb8 22. gxf6 Bxd2 {½-½ (29) Hjorth,J (2120)-Chazalette,J (2337) ICCF email 2013}) 16. g4 $1 $16 hxg4 17. fxg4 b5 18. Be2 Nb6 19. Bxb6 Qxb6 20. g5 Nd7 (20... Nh5 $1 $11 {remains equal.}) 21. h4 e4 22. Qxe4 ({White should play} 22. h5 $16 {hxg6 is the strong threat.} Rce8 23. Nd4 (23. h6 Be5 $11)) 22... Rfe8 $14 23. Qc2 (23. Qg2 $5 ) 23... Ne5 $2 (23... b4 $1 $11 {and Black stays safe.} 24. Bg4 Rc7) 24. h5 $18 {[%emt 0:00:02] Strongly threatening hxg6.} b4 25. c4 {[%emt 0:00:01] Black must now prevent Nd4.} Qe3 (25... Qf2 $16) 26. hxg6 (26. h6 Bf8 $14) 26... fxg6 (26... Nxg6 {keeps fighting.} 27. Bd3 (27. Bg4 Rc7 $16) 27... Ne5) 27. Nd4 Rf8 $2 {[%emt 0:00:01] [#]} (27... a5 28. Ne6 Rf8 29. Nxf8 Rxf8) 28. Bg4 $1 Nxg4 29. Qxg6 Rf2 {[%emt 0:00:02] [#]} 30. Qh7+ $2 ({Not} 30. Rd3 Qe5 31. Qh7+ Kf7 32. Qh5+ Kg8 33. Qh7+ Kf7 34. Qh5+ Kg8 35. Qh7+ $11) (30. Rhe1 $1 $18 Rd2 31. Rxe3 (31. Ne6 {leads to mate.} Rxb2+ 32. Ka1 Rxa2+ 33. Kxa2 Qa3+ 34. Kb1 Qb2#) 31... Rxd1+ 32. Kc2 Nxe3+ 33. Kb3 Rxd4 34. Qe6+ Kh7 35. g6+ Kh6 36. Qxe3+ Kxg6 37. Qe6+ Kg5 38. Qxc8) 30... Kf8 $15 {[%emt 0:00:01] Threatens to win with ...Re8.} 31. Rd3 $2 ({Only move:} 31. Ne6+ $15 Qxe6 32. dxe6 Rxb2+ 33. Ka1 Rh2+ 34. Kb1 Rxh7 35. Rxh7) 31... Bxd4 $19 32. Rxe3 (32. Rxd4 $19 Qxd4 33. Qh8+ Qxh8 34. Rxh8+ Kf7 35. Rxc8) 32... Rxb2+ 33. Kc1 Rxc4+ 34. Rc3 Bxc3 35. Rf1+ Bf6+ 36. Kd1 Ne3+ {[%emt 0:00:01] What a bad dream for White.  Weighted Error Value: White=0.89/Black=0.29 (precise)} 0-1

[Event "Super United Croatia GCT Blitz 2022"]
[Site "Zagreb"]
[Date "2022.07.23"]
[Round "9"]
[White "Topalov, Veselin"]
[Black "Mamedyarov, Shakhriyar"]
[Result "1-0"]
[ECO "B45"]
[WhiteElo "2728"]
[BlackElo "2759"]
[Annotator "TA"]
[PlyCount "55"]
[EventDate "2022.07.20"]
[EventType "tourn"]
[EventCountry "CRO"]
[SourceTitle "playchess.com"]
[Source "ChessBase"]
[SourceQuality "1"]
[TimeControl "300+2"]

1. e4 c5 2. Nf3 e6 3. d4 cxd4 4. Nxd4 Nf6 5. Nc3 Nc6 6. a3 Be7 7. Nxc6 {[%emt 0:00:02] B45: Sicilian Four Knights.} bxc6 8. e5 Nd5 9. Qg4 {[%emt 0:00:02] The position is equal.} Kf8 10. Bd2 {[%emt 0:00:02] [#]} Rb8 $146 ({Predecessor:} 10... h5 11. Qe4 Rb8 12. b3 f5 13. exf6 Bxf6 14. Qf3 Kg8 15. Rd1 Nxc3 16. Bxc3 d5 {½-½ (74) Caruana,F (2820)-Rapport,R (2763) Paris 2021}) 11. Na4 f6 (11... h5 $11 12. Qe2 c5) 12. f4 Nb6 13. Ba5 Qe8 14. Nxb6 axb6 15. Bc3 {[%emt 0:00:01] White is more active.} Qg6 16. Qf3 c5 17. O-O-O Bb7 18. Qe3 Bc6 19. Bd3 ({White should try} 19. exf6 $16 Bxf6 20. Bxf6 Qxf6 21. Rg1) 19... Qh6 (19... f5 $1 $14) 20. Be4 $36 {[%emt 0:00:05][%mdl 2048] Strongly threatening Bxc6. White is on the roll.} Kf7 $2 {[%emt 0:00:12] Black cannot hold the game after this.} (20... f5 $16 21. Bxc6 dxc6) 21. Bxc6 $18 dxc6 {[%emt 0:00:02] [#]} 22. exf6 ({Weaker is} 22. Rd7 Rhd8 23. Rhd1 Rxd7 24. Rxd7 Rd8 25. Rxd8 Bxd8 $14) 22... gxf6 23. Rhe1 e5 24. fxe5 Qxe3+ 25. Rxe3 {[%emt 0:00:01] Black must now prevent exf6.} fxe5 {[%emt 0:00:08] [#]} (25... Rbd8 {is a better chance.} 26. Rf1 h5 27. exf6 Bf8) 26. Rf1+ {[%emt 0:00:13] White is clearly winning.} ({Less strong is} 26. Bxe5 Bg5 $18) 26... Kg6 27. Rg3+ Bg5+ 28. Bd2 {[%emt 0:00:01] Weighted Error Value: White=0.08 (flawless) /Black=0.49} 1-0

[Event "Super United Croatia GCT Blitz 2022"]
[Site "Zagreb"]
[Date "2022.07.23"]
[Round "9"]
[White "Van Foreest, Jorden"]
[Black "Firouzja, Alireza"]
[Result "0-1"]
[ECO "B07"]
[WhiteElo "2678"]
[BlackElo "2793"]
[Annotator "TA"]
[PlyCount "98"]
[EventDate "2022.07.20"]
[EventType "tourn"]
[EventCountry "CRO"]
[SourceTitle "playchess.com"]
[Source "ChessBase"]
[SourceQuality "1"]
[TimeControl "300+2"]

1. e4 d6 2. d4 Nf6 3. Nc3 e5 4. dxe5 dxe5 5. Qxd8+ Kxd8 6. Bc4 Ke8 $1 {[%emt 0:00:05][%mdl 4] now scores much better than the old 6...Be6. B07: Pirc Defence: Miscellaneous Systems.} 7. f4 Bd6 8. Nf3 Nc6 {[%emt 0:00:01] [#] White is slightly better.} 9. O-O $146 (9. Nb5 $14) ({Predecessor:} 9. f5 Bb4 10. Bd3 Bxf5 11. exf5 e4 12. Bg5 exd3 13. O-O-O Bxc3 14. bxc3 dxc2 15. Kxc2 {1-0 (39) Sarana,A (2685)-Bortnyk,O (2604) Chess.com INT 2022}) 9... exf4 10. e5 Bc5+ 11. Kh1 Nh5 ({Black should play} 11... Ng4 $14) 12. Nd5 $16 Bb6 13. Nxf4 (13. Bxf4 $16 Na5 14. Bd3) 13... Nxf4 $11 14. Bxf4 Be6 15. Bxe6 fxe6 16. Rad1 h6 17. h4 Rf8 18. g3 Nb4 19. c4 (19. c3 $11 {remains equal.} Nd5 20. Bd2) 19... Nxa2 $17 20. Nd2 Nb4 21. Ne4 Nc6 22. Kg2 Rd8 ({Better is} 22... Ke7 23. c5 Ba5) 23. Rxd8+ Kxd8 24. c5 Ba5 25. h5 (25. Bxh6 $17 Rxf1 26. Bg5+ Kd7 27. Kxf1) 25... Ke8 26. g4 Bb4 27. g5 hxg5 28. Nxg5 Ke7 ({But not} 28... Bxc5 29. Nxe6 Bd4 30. Nxf8 Kxf8 31. Be3+ Ke7 32. Bxd4 Nxd4 33. Ra1 $18) 29. Ne4 Ke8 $2 (29... Kd7 $17 {Threatens to win with ...Rf5.} 30. Rd1+ Ke8) 30. h6 $2 (30. Ng5 $1 $11 {and White stays safe.}) 30... gxh6 $19 31. Nf6+ Kd8 32. Bxh6 ({Of course not} 32. Rd1+ Kc8 33. Bxh6 Rd8 34. Rxd8+ Kxd8 $19) 32... Rf7 33. Bg5 Kc8 34. Rh1 {[%emt 0:00:03] aiming for Rh8+.} Bxc5 35. Ne4 Bb4 36. Bf6 Rf8 37. Ng5 Re8 38. Kf3 a5 39. Ke4 a4 40. Rc1 Na5 41. Rd1 Nc4 42. Nxe6 Nxb2 43. Rd4 {[%emt 0:00:01] [#]} (43. Rb1 a3 44. Ng7) 43... a3 $1 44. Ng7 {[%emt 0:00:03] [#]} Rg8 $1 {[%emt 0:00:19] ...a2 is the strong threat.} 45. e6 (45. Rxb4 a2) 45... a2 46. Rxb4 {[%emt 0:00:03] [#]} a1=Q $1 {[%emt 0:00:03] Black mates.} 47. Rxb2 Qf1 48. Ke5 Rf8 49. Nf5 Qe1+ {[%emt 0:00:03] Weighted Error Value: White=0.53/Black=0.14 (very precise)} 0-1

[Event "Super United Croatia GCT Blitz 2022"]
[Site "Zagreb"]
[Date "2022.07.24"]
[Round "10"]
[White "So, Wesley"]
[Black "Mamedyarov, Shakhriyar"]
[Result "1-0"]
[ECO "C42"]
[WhiteElo "2773"]
[BlackElo "2759"]
[Annotator "TA"]
[PlyCount "101"]
[EventDate "2022.07.20"]
[EventType "tourn"]
[EventCountry "CRO"]
[SourceTitle "playchess.com"]
[Source "ChessBase"]
[SourceQuality "1"]
[TimeControl "300+2"]

1. e4 e5 2. Nf3 Nf6 3. Nxe5 d6 4. Nf3 Nxe4 5. Nc3 Nxc3 6. dxc3 Be7 7. Be3 O-O 8. Qd2 Bf5 9. Nd4 $5 {[%emt 0:00:08][%mdl 4] A promising side line. C42: Petroff Defence: 3 Nxe5 and unusual White 3rd moves.} Bd7 10. O-O-O Nc6 11. Kb1 {[%emt 0:00:08] The position is equal.} Re8 {[%emt 0:00:01] [#]} 12. h4 $146 ({Predecessor:} 12. h3 Nxd4 13. cxd4 c6 14. g4 a5 15. Bd3 Be6 16. f4 b5 17. f5 Bd5 18. Rhg1 {½-½ (26) Krupa,B (2173)-Sukhanitskij,S (1948) LSS email 2011}) 12... a6 13. h5 h6 14. Be2 (14. Nf3 $11) 14... Ne5 {[%emt 0:00:15] [#]} (14... Bg5 $15 {stays ahead.}) 15. g4 $1 $16 b5 (15... Nxg4 $2 16. Bxg4 Bxg4 17. Rdg1 $18) 16. Rdg1 c5 17. Nf5 Bxf5 18. gxf5 {[%emt 0:00:01] And now Bxh6 would win.} Kh7 19. Qd5 Bf6 20. Rd1 b4 21. cxb4 Qb8 22. Bd2 cxb4 23. Rhg1 (23. Rhe1 $14) 23... Re7 (23... Qc7 $11) 24. Bc1 Nd7 25. Bf3 {[%emt 0:00:07] White is more active.} Nb6 {[%emt 0:00:02] This move loses the game for Black.} (25... Ra7 $14) 26. Qxd6 $18 Qxd6 27. Rxd6 Rb8 28. b3 {[%emt 0:00:03] Inhibits Nc4.} a5 (28... Nd7 $142 29. a4 (29. Rxa6 Nc5 $16) 29... a5) 29. Bf4 {[%emt 0:00:08][%cal Od6f6] [#] Hoping for Rxf6!} Rbe8 30. Be3 {[%emt 0:00:11] This bishop pair is nice.} ({Inferior is} 30. Rxb6 Re1+ 31. Rxe1 Rxe1+ 32. Bc1 Bg5 $11) 30... Nc8 31. Rd5 Re5 32. Rgd1 Ne7 33. Rxe5 Bxe5 34. Bb6 Nxf5 35. Be4 g6 36. Bxf5 gxf5 37. Bxa5 {[%emt 0:00:03][%mdl 4096] Endgame KRB-KRB} Rb8 38. Rd5 {[%emt 0:00:02] Inhibits Rb5.} f6 (38... Bg7 39. a3 (39. Rxf5 Bc3 $16) 39... bxa3 40. Rxf5 Re8) 39. Bc7 $2 (39. Rd7+ Kg8 40. a4) 39... Re8 $2 (39... Bxc7 40. Rd7+ Kg8) 40. Rd7+ Kg8 41. Rd8 Rxd8 42. Bxd8 {[%emt 0:00:01] KB-KB} Kf7 43. Ba5 Bd6 44. c3 bxc3 45. Bxc3 Ke6 46. Kc2 (46. f3 $142 Bc7 47. Kc2) 46... f4 47. Kd3 (47. f3 $142 Bb8 48. Kd3) 47... Kf5 48. f3 {[%emt 0:00:03] White mates.} Kg5 49. a4 Kxh5 50. a5 Kg5 51. a6 {[%emt 0:00:01] Weighted Error Value: White=0.30/Black=0.66} 1-0